Map: Neon Violet Square LE

Players

fruitcake - Winner!

  • Race: Terran Terran
  • Spawn Location: 11:00

A.I. 1 (Very Hard)

  • Race: Zerg Zerg
  • Spawn Location: 5:00

VOD

Have the link to the VOD?

Description

Time

  • Played on: May 5, 2018, 6:31 p.m.
  • Length: 16:07
Show
View Real Time Build Order
Export as new Build Order

fruitcake Terran - Winner!

Build Orders: Bio Tank 

Get SALT Encoding   

  12  0:01  SCV  
  13  0:15  Supply Depot  
  13  0:19  SCV  
  14  0:30  Refinery  
  14  0:32  SCV  
  15  0:47  Barracks  
  15  0:50  SCV  
  16  1:02  SCV  
  17  1:11  Supply Depot  
  17  1:14  SCV  
  18  1:28  SCV  
  19  1:33  Marine  
  20  1:43  SCV  
  21  1:48  Refinery  
  21  1:51  Marine  
  22  1:55  Factory  
  22  1:57  SCV  
  23  2:13  Command Center  
  23  2:34  Marine  
  24  2:50  Factory Tech Lab  
  24  2:51  Marine  
  24  2:54  SCV  
  26  3:00  Barracks  
  26  3:06  SCV  
  26  3:10  Barracks Reactor  
  27  3:13  Engineering Bay  
  27  3:17  Supply Depot  
  27  3:19  SCV, Supply Depot  
  28  3:25  SCV  
  29  3:31  SCV  
  30  3:37  SCV  
  30  3:40  Siege Tank  
  34  3:49  SCV  
  34  3:50  SCV  
  34  3:51  Marine  
  34  3:55  Barracks Tech Lab  
  37  3:57  Marine  
  37  4:01  SCV  
  39  4:02  Terran Infantry Weapons Level 1  
  39  4:09  Marine  
  40  4:15  Marine  
  40  4:16  Refinery  
  41  4:17  Marine  
  41  4:21  Refinery  
  42  4:25  SCV  
  42  4:27  Marine  
  44  4:33  Marine, Siege Tank  
  48  4:47  Starport  
  48  4:53  Supply Depot  
  48  4:56  SCV x2  
  50  5:08  SCV x2  
  52  5:16  Supply Depot  
  52  5:19  Marine x2  
  52  5:20  SCV, Marauder  
  57  5:22  Siege Tank  
  57  5:25  SCV  
  61  5:32  Medivac  
  63  5:37  Marine  
  64  5:44  Orbital Command, Factory  
  64  5:46  SCV  
  65  5:58  SCV  
  65  5:59  Marine x2  
  65  6:02  Marauder  
  65  6:03  Stimpack  
  70  6:05  Starport Reactor  
  70  6:13  SCV  
  70  6:14  SCV  
  72  6:23  Siege Tank, Marauder  
  77  6:26  SCV  
  77  6:32  Supply Depot  
  78  6:38  Supply Depot  
  78  6:44  Factory Tech Lab  
  78  6:51  Terran Infantry Armor Level 1  
  78  6:53  Marine, SCV, Medivac x2  
  78  6:54  Supply Depot  
  84  6:56  Armory  
  84  7:07  Supply Depot  
  84  7:08  Supply Depot  
  84  7:11  Marauder  
  86  7:17  Siege Tank  
  86  7:18  Siege Tank  
  92  7:32  Marine, Barracks  
  92  7:37  Medivac  
  95  7:50  Marine, Siege Tank  
  99  7:58  Siege Tank  
  102  8:08  Marauder  
  102  8:12  Medivac  
  106  8:13  Command Center  
  106  8:15  Medivac  
  108  8:20  Starport  
  108  8:29  Marine, Siege Tank  
  108  8:30  Siege Tank  
  115  8:38  SCV x2  
  117  8:47  Marine  
  118  8:55  Supply Depot  
  118  8:57  Terran Vehicle Weapons Level 1  
  118  9:07  Engineering Bay  
  118  9:13  Marine  
  117  9:17  Siege Tank, Medivac x2  
  117  9:20  Supply Depot  
  124  9:28  Orbital Command  
  124  9:31  Marine  
  125  9:45  Supply Depot  
  125  9:47  Medivac x2  
  125  9:48  Barracks Reactor  
  125  9:49  Marine x3  
  125  9:52  Concussive Shells  
  132  9:55  Starport Reactor  
  132  10:03  SCV  
  132  10:04  SCV x2  
  132  10:06  Marine  
  132  10:07  Marine x2  
  138  10:15  Terran Infantry Weapons Level 2  
  138  10:16  SCV x2  
  138  10:17  Medivac  
  142  10:24  Marine x3  
  146  10:28  SCV  
  146  10:31  Refinery  
  146  10:33  SCV x2  
  146  10:34  Reaper  
  146  10:35  Combat Shields  
  149  10:39  Siege Tank x2  
  149  10:40  SCV  
  149  10:42  Marine  
  157  10:50  Supply Depot  
  157  10:52  Terran Vehicle Weapons Level 2  
  157  11:01  Refinery  
  157  11:11  Marine  
  157  11:12  Marauder  
  157  11:14  Marine x3  
  157  11:18  Supply Depot  
  163  11:29  Marine  
  163  11:31  Marine  
  165  11:39  Marine x2, Siege Tank x2  
  173  11:40  Supply Depot  
  173  11:48  Supply Depot  
  173  12:02  Marine x4, Marauder  
  173  12:03  Supply Depot  
  179  12:11  Siege Tank x2, Supply Depot  
  179  12:12  SCV  
  186  12:19  Marine x3  
  189  12:24  SCV, Marauder  
  189  12:29  Unknown  
  190  12:35  Unknown  
  190  12:36  SCV  
  137  12:39  Marine x2  
  137  12:40  Marine x2  
  137  12:43  Siege Tank x2  
  133  12:46  Marauder  
  130  12:51  Unknown  
  130  12:57  Marine x4  
  134  13:02  Medivac x2  
  138  13:07  Marauder  
  135  13:15  Marine x4, Siege Tank  
  135  13:16  Widow Mine  
  141  13:29  Marauder  
  141  13:33  Marine x4  
  142  13:37  Widow Mine  
  142  13:48  Widow Mine  
  137  13:50  Marauder  
  137  13:51  Marine x4  
  143  13:58  Siege Tank  
  145  14:08  Marine x2  
  145  14:09  Marine x2, Siege Tank  
  147  14:11  Marauder  
  146  14:22  Medivac  
  146  14:23  Medivac x3  
  152  14:26  Marine x3  
  152  14:27  Marine  
  152  14:30  Siege Tank  
  159  14:33  Marauder  
  161  14:41  Siege Tank  
  161  14:44  Marine x4  
  168  14:52  Medivac  
  162  14:53  Medivac x3  
  162  14:54  Marauder  
  169  15:02  Siege Tank  
  169  15:04  Marine x3  
  169  15:05  Marine  
  176  15:13  Siege Tank  
  179  15:16  Marauder  
  178  15:22  Marine x4, Medivac x2  
  178  15:23  Medivac x2  
  189  15:35  Widow Mine  
  191  15:37  Marauder  
  191  15:40  Marine x4  
  197  15:45  Widow Mine  
  198  15:51  Command Center  
Show
View Real Time Build Order
Export as new Build Order

A.I. 1 (Very Hard) Zerg 

Build Orders: Pool First 

Get SALT Encoding   

  12  0:00  Drone  
  13  0:13  Overlord  
  13  0:18  Drone  
  14  0:31  Drone x2  
  14  0:34  Drone  
  17  0:49  Spawning Pool  
  16  0:50  Drone  
  17  1:11  Hatchery  
  17  1:15  Drone  
  17  1:18  Extractor  
  17  1:20  Drone  
  17  1:24  Extractor  
  16  1:27  Drone  
  16  1:30  Drone  
  18  1:39  Drone  
  19  1:49  Overlord  
  19  1:58  Queen  
  21  2:03  Zergling x2  
  22  2:11  Drone  
  23  2:22  Queen  
  23  2:26  Drone  
  26  2:34  Drone  
  27  2:37  Drone  
  27  2:42  Drone  
  28  2:47  Drone  
  29  3:00  Roach Warren  
  29  3:02  Drone  
  29  3:05  Drone  
  30  3:08  Zergling x2  
  30  3:11  Zergling x2  
  32  3:18  Overlord  
  32  3:20  Drone  
  32  3:24  Drone  
  34  3:40  Roach  
  36  3:42  Roach  
  36  3:43  Roach x2  
  36  3:47  Lair  
  42  3:52  Overlord  
  42  3:57  Overlord  
  42  4:01  Zergling x2  
  43  4:04  Zergling x2  
  44  4:10  Zergling x2, Drone  
  44  4:12  Drone  
  44  4:14  Drone  
  49  4:17  Drone  
  49  4:19  Drone  
  49  4:23  Roach  
  52  4:27  Roach  
  54  4:31  Overlord  
  54  4:39  Drone  
  54  4:42  Drone  
  54  4:43  Drone  
  57  4:46  Drone  
  57  4:49  Infestation Pit, Drone  
  57  4:51  Overlord  
  58  4:56  Overlord  
  58  4:59  Roach  
  60  5:05  Hydralisk Den  
  59  5:09  Drone  
  59  5:11  Drone  
  59  5:13  Drone  
  62  5:15  Drone  
  62  5:16  Drone  
  62  5:18  Drone  
  62  5:21  Drone  
  66  5:22  Drone  
  66  5:24  Drone  
  66  5:26  Drone  
  66  5:28  Drone  
  70  5:30  Drone  
  70  5:32  Drone  
  70  5:35  Infestor  
  74  5:36  Hydralisk  
  74  5:39  Overlord  
  74  5:41  Hydralisk  
  78  5:45  Hydralisk  
  78  5:48  Infestor  
  82  5:52  Roach  
  84  5:57  Roach  
  84  5:58  Spire  
  85  6:04  Overlord  
  85  6:06  Drone  
  85  6:07  Ravager  
  85  6:08  Roach  
  89  6:15  Extractor  
  89  6:17  Ravager  
  89  6:18  Extractor  
  88  6:21  Roach  
  88  6:23  Overlord  
  90  6:32  Evolution Chamber  
  89  6:36  Evolution Chamber  
  89  6:37  Drone x2  
  89  6:38  Drone x2, Spine Crawler  
  89  6:39  Metabolic Boost  
  91  6:40  Drone x3  
  91  6:41  Drone  
  91  6:42  Overlord  
  95  6:56  Evolution Chamber  
  95  6:57  Drone  
  95  6:59  Zerg Missile Weapons Level 1  
  95  7:02  Spine Crawler, Zerg Melee Weapons Level 1  
  95  7:03  Drone  
  95  7:12  Mutalisk  
  95  7:13  Mutalisk  
  99  7:22  Mutalisk  
  101  7:31  Mutalisk  
  101  7:32  Overlord  
  103  7:39  Overseer  
  103  7:41  Mutalisk, Drone x2, Spore Crawler, Hatchery  
  103  7:43  Spore Crawler, Drone  
  105  7:50  Mutalisk  
  107  7:59  Mutalisk  
  109  8:14  Zerg Ground Armor Level 1  
  109  8:15  Spine Crawler  
  108  8:22  Mutalisk  
  108  8:23  Overlord  
  110  8:31  Mutalisk  
  112  8:40  Queen  
  112  8:41  Mutalisk  
  114  8:42  Queen, Overlord  
  114  8:43  Roach  
  114  8:47  Hydralisk  
  122  8:53  Drone x3, Spine Crawler  
  122  8:54  Drone x4  
  122  8:55  Drone x4  
  131  8:56  Drone x3  
  131  8:57  Drone x3  
  131  9:00  Drone, Overlord  
  131  9:02  Drone, Extractor  
  139  9:03  Infestor  
  139  9:05  Drone  
  142  9:13  Zergling x2  
  142  9:14  Zergling x2, Extractor  
  142  9:16  Zergling x2  
  132  9:17  Baneling Nest  
  132  9:18  Zergling x2, Drone  
  132  9:19  Zergling x2  
  132  9:24  Zergling x2  
  135  9:25  Zergling x6, Drone  
  135  9:27  Zergling x2  
  140  9:35  Mutalisk  
  140  9:36  Drone  
  143  9:38  Drone  
  144  9:45  Infestor  
  144  9:46  Mutalisk, Overlord  
  144  9:47  Roach  
  150  9:53  Hive  
  150  10:01  Baneling  
  150  10:04  Baneling  
  150  10:05  Zergling x2, Baneling, Overlord  
  150  10:07  Zergling x2, Baneling  
  152  10:08  Baneling  
  152  10:10  Zergling x2, Baneling  
  152  10:12  Baneling  
  152  10:13  Zergling x2, Baneling  
  154  10:15  Baneling  
  154  10:16  Zergling x2, Baneling  
  154  10:18  Baneling  
  154  10:19  Zergling x2, Baneling  
  154  10:21  Baneling  
  156  10:22  Zergling x2, Baneling  
  156  10:24  Baneling, Overlord  
  156  10:25  Zergling x2, Baneling  
  158  10:33  Zergling x2, Baneling x2  
  158  10:35  Spine Crawler  
  158  10:37  Spore Crawler, Centrifical Hooks  
  157  10:43  Overlord  
  157  10:47  Zerg Melee Weapons Level 2  
  157  10:50  Zergling x2, Baneling x2  
  158  10:59  Zerg Missile Weapons Level 2  
  158  11:03  Spine Crawler  
  157  11:04  Spine Crawler  
  157  11:05  Viper  
  157  11:07  Spine Crawler  
  158  11:12  Viper  
  161  11:23  Overseer  
  161  11:27  Pneumatized Carapace  
  161  11:29  Overseer, Hatchery  
  160  11:39  Hatchery  
  159  11:42  Spore Crawler  
  159  11:45  Spore Crawler  
  159  11:46  Spore Crawler  
  156  11:47  Spine Crawler  
  155  12:04  Spine Crawler  
  155  12:06  Spore Crawler  
  155  12:07  Drone  
  154  12:09  Drone, Spine Crawler  
  154  12:12  Spore Crawler, Drone, Corruptor x2, Infestor  
  154  12:13  Greater Spire  
  160  12:17  Overlord, Infestor  
  162  12:29  Zergling x2, Baneling  
  157  12:30  Zergling x4  
  157  12:31  Zergling x4  
  157  12:33  Zergling x4  
  157  12:34  Zergling x4  
  157  12:36  Zergling x2, Spore Crawler, Drone, Queen x2  
  123  12:38  Mutalisk  
  123  12:39  Roach x2  
  123  12:41  Roach  
  123  12:42  Roach  
  123  12:44  Roach  
  104  12:46  Hydralisk  
  104  12:49  Hydralisk  
  100  12:53  Zergling x4, Drone x2, Hydralisk  
  100  12:54  Drone x3  
  100  12:55  Drone x2  
  100  12:56  Zergling x2, Drone  
  100  12:58  Drone  
  104  12:59  Drone, Extractor  
  104  13:00  Drone  
  104  13:03  Drone  
  104  13:04  Drone  
  107  13:06  Drone  
  107  13:07  Drone  
  107  13:09  Drone  
  107  13:10  Drone  
  97  13:12  Roach  
  97  13:14  Roach  
  97  13:17  Roach  
  97  13:18  Zergling x2, Corruptor  
  95  13:23  Zergling x2  
  95  13:26  Roach  
  94  13:28  Roach  
  94  13:31  Hydralisk  
  93  13:34  Hydralisk  
  93  13:37  Hydralisk  
  93  13:39  Drone  
  93  13:41  Zergling x4, Drone x2  
  88  13:43  Drone  
  88  13:45  Roach  
  88  13:47  Roach  
  80  13:59  Roach, Drone  
  80  14:01  Drone  
  78  14:03  Drone  
  78  14:05  Drone  
  78  14:07  Drone  
  78  14:09  Drone  
  77  14:10  Zergling x2  
  77  14:12  Zergling x2  
  67  14:17  Roach, Drone x2  
  64  14:31  Zergling x2  
  64  14:35  Roach, Drone x2, Hydralisk  
  62  14:44  Zergling x2  
  57  14:47  Hatchery  
  57  14:48  Roach  
  57  14:50  Zergling x2  
  55  14:53  Roach  
  55  14:54  Overseer  
  55  14:57  Roach  
  49  15:01  Roach  
  49  15:04  Zergling x2  
  41  15:07  Roach  
  41  15:10  Zergling x2  
  35  15:45  Spawning Pool  
Tags
 
Add a new tag
Caveats
  • Supply blocks, unpowered buildings, or Contaminate may cause inaccurate times.
  • Supply counts are checked every 10 seconds.